 Dungeon Crawl Stone Soup version 0.20.0-15-g7f486f2 (webtiles) character file.

32 Chiseanne the Magician (level 3, 24/24 HPs)
             Began as a Demonspawn Wizard on June 14, 2017.
             Quit the game on level 1 of the Dungeon.
             The game lasted 00:01:30 (1179 turns).

Chiseanne the Magician (Demonspawn Wizard)          Turns: 1179, Time: 00:01:31

Health: 24/24      AC:  2    Str:  7    XL:     3   Next: 10%
Magic:  4/8        EV: 12    Int: 20    God:
Gold:   26         SH:  0    Dex: 11    Spells: 8/9 levels left

rFire    . . .     SeeInvis .   g - +0 club
rCold    . . .     Gourm    .   (no shield)
rNeg     . . .     Faith    .   a - +0 robe
rPois    .         Spirit   .   (helmet restricted)
rElec    .         Reflect  .   (no cloak)
rCorr    .         Harm     .   (no gloves)
MR       .....                  (no boots)
Stlth    ++........             (no amulet)
Regen    0.1/turn               (no ring)
MPRegen  0.2/turn               (no ring)

@: no status effects
A: antennae 1, spiny 1
a: no special abilities


You were on level 1 of the Dungeon.
You were not hungry.

You visited 1 branch of the dungeon, and saw 1 of its levels.

You collected 26 gold pieces.

Inventory:

Hand Weapons
 g - a +0 club (weapon)
Missiles
 i - 5 stones (quivered)
 m - 14 bolts
Armour
 a - a +0 robe (worn)
 b - a +0 hat
 e - a +0 helmet
Scrolls
 f - a scroll of fog {unknown}
 j - a scroll of remove curse {unknown}
 p - a scroll of amnesia {unknown}
 q - a scroll of identify {unknown}
Potions
 h - a potion of curing {unknown}
 n - a potion of brilliance {unknown}
Books
 c - a book of Minor Magic

   Spells                             Type                      Level
   a - Magic Dart                     Conjuration                  1
   b - Blink                          Translocation                2
   c - Call Imp                       Summoning                    2
   d - Slow                           Hexes                        2
   e - Conjure Flame                  Conjuration/Fire             3
   f - Mephitic Cloud                 Conjuration/Poison/Air       3
Comestibles
 d - a bread ration
 k - 3 royal jellies
 l - 3 fruits


   Skills:
 - Level 1.7 Dodging
 - Level 1.7 Stealth
 * Level 3.5 Spellcasting
 * Level 2.2 Conjurations
   Level 1.0 Summonings
   Level 0.8 Translocations


You had 8 spell levels left.
You knew the following spells:

 Your Spells              Type           Power        Failure   Level  Hunger
a - Magic Dart            Conj           ##..         5%          1    None


Dungeon Overview and Level Annotations

Branches:
Dungeon (1/15)

Altars:


Innate Abilities, Weirdness & Mutations

You have a pair of small antennae on your head.
You are partially covered in sharp spines.


Message History

Aiming: Magic Dart
Press: ? - help, Shift-Dir - straight line, f/p - ooze
Aim: an ooze (moderately wounded)
The magic dart hits the ooze.
The ooze is severely wounded.
Casting: Magic Dart
Confirm with . or Enter, or press ? or * to list all spells.
Aiming: Magic Dart
Press: ? - help, Shift-Dir - straight line, f/p - ooze
Aim: an ooze (severely wounded)
The magic dart hits the ooze.
You kill the ooze!
You have reached level 3!
Your experience leads to an increase in your attributes!
Increase (S)trength, (I)ntelligence, or (D)exterity?
You feel clever.
Your demonic ancestry asserts itself...
A pair of antennae grows on your head!
Your +0 helmet falls away!
A frilled lizard comes into view.
Are you sure you want to abandon this character and quit the game? (Confirm with "yes".)

#.# #............#.....# #
#.# ##..#########.##...## #
#.# ##.......# ##.#.##.## #
#.# ##.#.####.###.###.#.# #
#.# #.###.....##.## ##..# #
#.# ##.#.###....## ##.# #
#.#### ##..# #.###.## ##..# #
#....# #..# #.# ##.###.#.# #
####.# ##..# #@# ##.#..#.#
###
#.####...###.######.#.#.###..
#...................#.#......
#..#.#...###.#####.##.#####..
#####..#.###...l.# #.##.# ###
#..........#.###.# #.##.#####
# #.###........# #.#
#........# # #.# ##.#.#.#.#
#.# #.##.###.# #.# #.#.#.# ..
........# #.#


You could see a frilled lizard (wandering).

Vanquished Creatures
  2 oozes (D:1)
  A dart slug (D:1)
  A leopard gecko (D:1)
  A giant cockroach (D:1)
  2 goblins (D:1)
  2 hobgoblins (D:1)
  3 kobolds (D:1)
  A quokka (D:1)
  5 bats (D:1)
  2 frilled lizards (D:1)
  A rat (D:1)
21 creatures vanquished.

Notes
Turn   | Place    | Note
-------+----------+-------------------------------------------
     0 | D:1      | Chiseanne the Demonspawn Wizard began the quest for the Orb.
     0 | D:1      | Reached XP level 1. HP: 13/13 MP: 4/4
   382 | D:1      | Gained mutation: You are partially covered in sharp spines. [demonic ancestry]
   382 | D:1      | Reached XP level 2. HP: 19/19 MP: 0/6
  1178 | D:1      | Gained mutation: You have a pair of small antennae on your head. [demonic ancestry]
  1178 | D:1      | Reached XP level 3. HP: 24/24 MP: 4/8
  1179 | D:1      | Quit the game

Skill      XL: |  1  2 |
---------------+-------+-----
Conjurations   | 2 |  2.2
Dodging        | |  1.7
Stealth        | |  1.7
Spellcasting   | |  3.5
Summonings     | |  1.0
Translocations | |  0.8

Action                   || total
-------------------------++-------
Melee: Club              ||     8
       Unarmed           ||     2
 Cast: Magic Dart        ||    52
  Eat: Chunk             ||     1
Armor: Robe              ||     2
Dodge: Dodged            ||     8
